 Dungeon Crawl Stone Soup version 0.31-a0-986-g5e6e4ef867 (webtiles) character file.

Game seed: 14914690076167006334

4602 pokeman the Thaumaturge (level 10, 0/56 HPs)
             Began as a Deep Elf Hedge Wizard on Nov 11, 2023.
             Was an Initiate of Vehumet.
             Slain by a sixfirhy (3 damage)
             ... summoned by a kobold demonologist
             ... on level 9 of the Dungeon.
             The game lasted 00:24:16 (8655 turns).

pokeman the Thaumaturge (Deep Elf Hedge Wizard)     Turns: 8655, Time: 00:24:18

Health: 0/56       AC:  9    Str:  7    XL:     10   Next: 19%
Magic:  16/29      EV: 13    Int: 30    God:    Vehumet [......]
Gold:   540        SH:  0    Dex: 14    Spells: 28/36 levels left

rFire   . . .        G - +1 dagger (venom)
rCold   . . .        (no shield)
rNeg    . . .        B - +0 steam dragon scales
rPois   .            n - +0 helmet
rElec   .            (no cloak)
rCorr   .            L - +0 pair of gloves
SInv    .            t - +0 pair of boots
Will    +....        p - amulet of regeneration
Stlth   ++           I - ring of wizardry
HPRegen 1.09/turn    M - +6 ring of intelligence
MPRegen 0.21/turn

%: wizardry (x1)
@: very slightly contaminated
A: no striking features
a: Renounce Religion


You were on level 9 of the Dungeon.
You worshipped Vehumet.
Vehumet was noncommittal.
You visited 2 branches of the dungeon, and saw 10 of its levels.

You collected 540 gold pieces.

Inventory:

Hand Weapons
 A - a +2 heavy hand axe
 G - a +1 dagger of venom (weapon)
Missiles
 j - 2 curare-tipped darts
Armour
 n - a +0 helmet (worn)
 t - a +0 pair of boots (worn)
 w - a +2 pair of gloves of dexterity
 B - +0 steam dragon scales (worn)
 L - a +0 pair of gloves (worn)
Jewellery
 p - an amulet of regeneration (around neck)
 F - a ring of fire
 I - a ring of wizardry (left hand)
 J - a ring of protection from cold
 M - a +6 ring of intelligence (right hand)
Wands
 b - a wand of polymorph (13)
Scrolls
 a - 3 scrolls of enchant armour {unknown}
 c - 4 scrolls of enchant weapon {unknown}
 f - 6 scrolls of identify {unknown}
 i - a scroll of silence {unknown}
 k - 3 scrolls of revelation {unknown}
 m - a scroll of poison {unknown}
 u - a scroll of noise {unknown}
 v - 2 scrolls of immolation {unknown}
 y - a scroll of teleportation {unknown}
 E - 3 scrolls of fear {unknown}
 H - a scroll of brand weapon {unknown}
 K - a scroll of torment {unknown}
Potions
 d - a potion of magic
 e - 3 potions of curing {unknown}
 g - 2 potions of attraction {unknown}
 h - 3 potions of heal wounds {unknown}
 l - a potion of ambrosia {unknown}
 o - 2 potions of mutation {unknown}
 q - a potion of experience {unknown}
 r - 2 potions of lignification {unknown}
 s - 3 potions of haste {unknown}
 x - 2 potions of degeneration {unknown}
 z - 2 potions of brilliance {unknown}
 C - a potion of might {unknown}
 D - a potion of enlightenment {unknown}
 N - a potion of resistance {unknown}


   Skills:
 - Level 4.0 Fighting
 + Level 3.7 Armour
 - Level 3.0 Dodging
 - Level 3.1 Stealth
 * Level 13.7 Spellcasting
 + Level 8.8 Conjurations
 - Level 1.1 Summonings
 - Level 1.1 Translocations
 - Level 1.0 Air Magic
 - Level 1.0 Poison Magic


You had 28 spell levels left.
You knew the following spells:

 Your Spells              Type           Power      Damage    Failure   Level
a - Magic Dart            Conj           100%       1d8       1%          1
b - Mephitic Cloud        Conj/Pois/Air  42%        N/A       1%          3
c - Call Imp              Summ           54%        N/A       1%          2
d - Blink                 Tloc           54%        N/A       1%          2

Your spell library contained the following spells:

 Spells                   Type           Power      Damage    Failure   Level
 Slow                     Hex            80%        N/A       1%          1
 Cigotuvi's Dreadful Rot  Necr/Pois/Air  48%        N/A       1%          2
 Ozocubu's Armour         Ice            20%        N/A       2%          3
 Ozocubu's Refrigeration  Ice            10%        4d9       100%        7


Dungeon Overview and Level Annotations

Branches:
Dungeon (9/15)             Temple (1/1) D:7
   Lair: D:8-11         Orc: D:9-12

Altars:
Ashenzari
Cheibriados
Dithmenos
Elyvilon
Fedhas
Gozag
Hepliaklqana
Kikubaaqudgha
Nemelex Xobeh
Okawaru
Qazlal
Sif Muna
Trog
Uskayaw
Vehumet
Xom
Yredelemnul
Zin
The Shining One

Annotations:
D:4 2 runed translucent doors, Jedisixx's ghost, weakling MiFi


Message History

Unknown command.
You feel ready to blink again.
Something hits the kobold.
Casting: Magic Dart (safe; 1% risk of failure)
Confirm with . or Enter, or press ? or * to list all spells.
Aiming: Mephitic Cloud (safe; 1% risk of failure)
Press: ? - help, Shift-Dir - straight line, p - white imp The ball explodes into a vile cloud!
The stinking cloud engulfs the sixfirhy but does no damage.
The stinking cloud engulfs the kobold demonologist but does no damage.
The kobold demonologist is moderately wounded.
You hear a shout!
The sixfirhy barely misses you. The sixfirhy hits you! The sixfirhy shocks you!
The sixfirhy misses you.
The white imp hits you but does no damage.
Unknown command.
Unknown command.
The kobold demonologist is engulfed in noxious fumes.
The kobold demonologist is engulfed in noxious fumes.
The kobold demonologist appears confused.
The yak attacks as it pursues you! The yak completely misses you.
Unknown command.
The sixfirhy hits you but does no damage.
The sixfirhy hits you! The sixfirhy shocks you!
The kobold demonologist is engulfed in noxious fumes.
The kobold demonologist appears confused.
Unknown command.
Casting: Mephitic Cloud (safe; 1% risk of failure)
Confirm with . or Enter, or press ? or * to list all spells.
You miscast Blink.
You are very lightly contaminated with residual magic.
Nothing appears to happen.
The white imp disappears in a puff of smoke!
The sixfirhy hits you.
* * * LOW HITPOINT WARNING * * *
The sixfirhy shocks you!
* * * LOW HITPOINT WARNING * * *
The sixfirhy hits you but does no damage. x2
The sixfirhy hits you.
You die...

#####.......# #...........#
#......#....# #......##...#
#...........#### #####
#...........##..
##...####...............
####.....#.................
#........#@..............##
#.......Y3....>............
#...#.K....................
#...#..§.K............##...
#..................... ....
#...5Y..○....###...... ....
#..KK.......## #..... ....
#.†.K....#### ### .....
.#######......##


You could see a kobold demonologist (confused), 2 yaks, a sixfirhy (summoned), 2
kobold brigands, an iron imp (summoned) and 2 kobolds.

Vanquished Creatures
  Sigmund (D:3)
  Eustachio (D:5)
  10 yaks
  3 steam dragons
  An ice beast (D:6)
  A black bear (D:4)
  2 sky beasts
  3 ogres
  2 centaurs
  A phantom (D:6)
  2 bullfrogs
  4 scorpions
  4 wights (D:7)
  5 killer bees (D:7)
  A howler monkey (D:8)
  2 jellies (D:5)
  4 hounds
  3 orc priests
  A sleepcap (D:7)
  Natasha (thrice) (D:2)
  5 iguanas
  2 orc wizards
  Robin (D:2)
  10 adders
  3 gnolls (D:5)
  A shadow imp (D:4)
  2 ufetubi (D:6)
  4 worms
  2 dart slugs
  7 orcs
  11 endoplasms
  4 giant cockroaches
  17 goblins
  8 hobgoblins
  7 jackals
  5 kobolds
  4 quokkas
  7 ball pythons
  8 bats
  2 frilled lizards
  6 rats
170 creatures vanquished.

Vanquished Creatures (collateral kills)
  A sleepcap (D:5)
1 creature vanquished.

Grand Total: 171 creatures vanquished

Notes
Turn   | Place    | Note
-------+----------+-------------------------------------------
     0 | D:1      | pokeman the Deep Elf Hedge Wizard began the quest for the
                  | Orb.
     0 | D:1      | Reached XP level 1. HP: 10/10 MP: 7/7
   322 | D:1      | Reached XP level 2. HP: 16/16 MP: 6/9
   715 | D:1      | You fall into a shaft and drop 1 floor!
   735 | D:2      | Reached skill level 5 in Spellcasting
   992 | D:1      | Reached XP level 3. HP: 20/20 MP: 9/11
   996 | D:1      | Learned a level 3 spell: Mephitic Cloud
   999 | D:1      | Learned a level 2 spell: Call Imp
  1002 | D:1      | Learned a level 2 spell: Blink
  1477 | D:2      | Reached skill level 1 in Fighting
  1478 | D:2      | Reached skill level 1 in Armour
  1634 | D:2      | Noticed Robin
  1744 | D:1      | Reached XP level 4. HP: 11/25 MP: 3/13
  1842 | D:2      | Killed Robin
  1918 | D:2      | Noticed Natasha
  1930 | D:2      | Killed Natasha
  1989 | D:2      | Noticed Natasha
  2007 | D:2      | Killed Natasha
  2008 | D:2      | Reached skill level 6 in Spellcasting
  2008 | D:2      | Reached XP level 5. HP: 23/29 MP: 4/15
  2056 | D:2      | Noticed Natasha
  2070 | D:2      | Killed Natasha
  2612 | D:3      | Noticed Sigmund
  2748 | D:3      | Killed Sigmund
  2749 | D:3      | Reached XP level 6. HP: 34/34 MP: 7/17
  3596 | D:3      | Reached skill level 1 in Poison Magic
  3999 | D:3      | Reached skill level 5 in Conjurations
  3999 | D:3      | Reached skill level 1 in Air Magic
  4271 | D:4      | Reached skill level 7 in Spellcasting
  4271 | D:4      | Reached XP level 7. HP: 38/38 MP: 11/19
  4320 | D:4      | Found a large runed translucent door.
  4321 | D:4      | Found a large runed translucent door.
  4324 | D:4      | Found an iron altar of Okawaru.
  4326 | D:4      | Noticed Jedisixx's ghost (weakling MiFi)
  4652 | D:4      | Found a basalt altar of Yredelemnul.
  4988 | D:5      | Entered Level 5 of the Dungeon
  5047 | D:5      | Reached skill level 8 in Spellcasting
  5145 | D:5      | Noticed Eustachio
  5149 | D:5      | Noticed a steam dragon
  5163 | D:5      | Killed Eustachio
  5176 | D:5      | Reached XP level 8. HP: 20/44 MP: 5/22
  5184 | D:5      | Reached skill level 9 in Spellcasting
  5893 | D:6      | Reached skill level 10 in Spellcasting
  6179 | D:6      | Reached skill level 11 in Spellcasting
  6179 | D:6      | Reached XP level 9. HP: 49/49 MP: 12/26
  6798 | D:7      | Found a shadowy altar of Dithmenos.
  6801 | D:7      | Found a broken altar of Ashenzari.
  6813 | D:7      | Found a glowing golden altar of the Shining One.
  6827 | D:7      | Found a stormy altar of Qazlal.
  6883 | D:7      | Found a staircase to the Ecumenical Temple.
  6891 | Temple   | Entered the Ecumenical Temple
  6918 | Temple   | Became a worshipper of Vehumet
  7037 | D:7      | Found a bloodstained altar of Trog.
  7242 | D:7      | Reached skill level 12 in Spellcasting
  7538 | D:8      | Reached skill level 13 in Spellcasting
  7806 | D:8      | Identified the +5 scale mail of the Realm of Zot {-Cast rC+
                  | rN+}
  7876 | D:8      | Found an opulent altar of Gozag.
  8077 | D:8      | Reached XP level 10. HP: 35/56 MP: 21/29
  8643 | D:9      | Noticed a sixfirhy
  8655 | D:9      | Slain by a sixfirhy

Illustrated notes

Levels and vault maps discovered:
D:1:      minmay_arrival_wavy_path, layout_loops_ring, minmay_gold_behind_fungi,
          minmay_tripent
D:2:      layout_rooms, uniq_natasha, uniq_robin
D:3:      minmay_recursive_quarters, layout_basic, kennysheep_minor_cross,
          uniq_sigmund
D:4:      layout_cave_pools, marbit_many_paths, nicolae_overflow_hidden_temple,
          ebering_ghost_disaster_area, hangedman_decor_slide_cut
D:5:      layout_basic, uniq_eustachio
D:6:      layout_rooms, nicolae_underground_beach
D:7:      layout_cave_pools, bloody_trog, grunt_temple_overflow_cloverleaf,
          minmay_temple_entry_glassed_door
D:8:      layout_layer_cave, kennysheep_mini_moat
D:9:      layout_cross, chequers_temple_overflow_minitemple, orc_0_dummy
Temple:   grunt_temple_mini_profane

Skill      XL: |  1  2  3  4  5  6  7  8  9 |
---------------+----------------------------+-----
Spellcasting   | 5 6 7 8 11 13 | 13.7
Fighting       | 1 2 4 |  4.0
Armour         | 1 3 |  3.7
Conjurations   | 2 4 5 6 7 8 |  8.8
Stealth        | 3 |  3.1
Dodging        | 3 |  3.0
Poison Magic   | 1 |  1.0
Air Magic      | 1 |  1.0
Summonings     | |  1.1
Translocations | |  1.1

Action                     |  1- 3 |  4- 6 |  7- 9 | 10-12 || total
---------------------------+-------+-------+-------+-------++-------
  Melee: Dagger            |    29 |    39 |   105 |    19 ||   192
         Punch             |       |     1 |     7 |     1 ||     9
         Whip              |       |       |    26 |       ||    26
         Hand axe          |       |       |    64 |       ||    64
   Cast: Magic Dart        |   112 |   108 |   143 |     3 ||   366
         Call Imp          |     3 |     3 |     6 |       ||    12
         Mephitic Cloud    |     1 |     9 |    40 |     5 ||    55
         Blink             |       |       |     3 |     1 ||     4
   Stab: Confused          |       |     7 |    24 |     3 ||    34
         Distracted        |       |       |     1 |       ||     1
 Armour: Robe              |    27 |    18 |     9 |       ||    54
         Steam dragon scal |       |       |    93 |    18 ||   111
  Dodge: Dodged            |    33 |    21 |   139 |     6 ||   199

Table legend: (Time is in decaauts)
 A = Elapsed time spent in this place.
 B = Non-inter-level travel time spent in this place.
 C = Inter-level travel time spent in this place.
 D = Time resting spent in this place.
 E = Time spent auto-exploring this place.
 F = Levels seen in this place.
 G = Mean time per level.
                   A        B        C        D        E       F      G
               +--------+--------+--------+--------+--------+-----+--------+
         Total |   8718 |   8475 |    243 |    287 |   6537 |  10 |  871.8 |
       Dungeon |   8668 |   8472 |    196 |    287 |   6537 |   9 |  963.1 |
        Temple |     49 |      2 |     47 |      0 |      0 |   1 |   49.0 |
               +--------+--------+--------+--------+--------+-----+--------+

Top non-repeatable levels by time:
     D:3: 1590 daAuts
     D:1: 1457 daAuts
     D:8: 1051 daAuts
     D:2: 981 daAuts
     D:4: 973 daAuts
     D:5: 921 daAuts
     D:7: 858 daAuts
     D:6: 743 daAuts
     D:9: 90 daAuts
  Temple: 49 daAuts
